 Dungeon Crawl Stone Soup version 0.31-a0-1-g4198be8af4 (webtiles) character file.

Game seed: 7815769551862113704

18478 bmack86 the Cleaver (level 12, -8/106 HPs)
             Began as a Minotaur Fighter on May 1, 2023.
             Was a High Priest of Okawaru.
             Mangled by a catoblepas (24 damage)
             ... on level 1 of the Lair of Beasts.
             The game lasted 00:22:30 (9594 turns).

bmack86 the Cleaver (Minotaur Fighter)              Turns: 9594, Time: 00:22:30

Health: -8/106     AC: 20    Str: 28    XL:     12   Next: 28%
Magic:  13/15      EV:  8    Int:  5    God:    Okawaru [*****.]
Gold:   874        SH: 11    Dex: 11    Spells: 11/11 levels left

rFire   . . .        h - +5 broad axe of Day {flame, Contam rPois Str+3}
rCold   . . .        b - +0 kite shield
rNeg    . . .        H - +3 chain mail
rPois   +            (helmet restricted)
rElec   .            A - +2 cloak
rCorr   .            (no gloves)
SInv    .            y - +1 pair of boots
Will    .....        q - amulet of regeneration Stlth
                     (no ring)
HPRegen 1.17/turn    (no ring)
MPRegen 0.14/turn

%: no passive effects
@: no status effects
A: horns 2, retaliatory headbutt
a: Renounce Religion, Heroism, Finesse, Duel


You were on level 1 of the Lair of Beasts.
You worshipped Okawaru.
Okawaru was extremely pleased with you.
You visited 3 branches of the dungeon, and saw 12 of its levels.

You collected 874 gold pieces.

Inventory:

Hand Weapons
 a - a +1 war axe
 c - a +1 war axe of venom
 h - the +5 broad axe of Day (weapon) {flame, Contam rPois Str+3}
   (You acquired it on level 3 of the Dungeon)

   Str:       It affects your strength (+3).
   rPois:     It protects you from poison.
   Contam:    It causes magical contamination when unequipped.
Missiles
 f - a silver javelin
 j - 7 boomerangs (quivered)
 t - a curare-tipped dart
 z - 45 poisoned darts
Armour
 b - a +0 kite shield (worn)
 y - a +1 pair of boots (worn)
 A - a +2 cloak (worn)
 H - a +3 chain mail (worn)
 I - a +2 chain mail of cold resistance
 J - a +0 plate armour
Jewellery
 q - an amulet of regeneration (around neck)
 u - an amulet of faith
 F - a ring of magical power
Wands
 s - a wand of roots (9)
 G - a wand of polymorph (19)
Scrolls
 e - 3 scrolls of teleportation
 o - a scroll of fear
 p - 2 scrolls of fog
 x - a scroll of identify
 D - 2 scrolls of amnesia
 E - a scroll of magic mapping
 K - a scroll of brand weapon {unknown}
 L - a scroll of poison
Potions
 d - 4 potions of might
 g - 4 potions of curing
 i - 3 potions of brilliance
 k - 3 potions of flight
 l - 3 potions of invisibility
 m - a potion of ambrosia
 n - a potion of heal wounds
 r - 2 potions of haste
 v - 2 potions of magic
 w - a potion of berserk rage
 B - a potion of resistance
 C - 3 potions of attraction


   Skills:
 + Level 10.2 Fighting
 * Level 13.5 Axes
 + Level 7.8 Throwing
 + Level 10.2 Armour
 + Level 10.2 Shields
 + Level 6.6 Invocations


You had 11 spell levels left.
You didn't know any spells.
Your spell library contained the following spells:

 Spells                   Type           Power      Damage    Failure   Level
 Beastly Appendage        Tmut           0%         N/A       97%         1
 Wereblood                Tmut           0%         N/A       99%         2
 Spider Form              Tmut/Pois      0%         N/A       100%        3
 Passage of Golubria      Tloc           0%         N/A       100%        4
 Yara's Violent Unravell  Hex/Tmut       0%         3d3       100%        5
 Tukima's Dance           Hex            Unusable   N/A       N/A         3

Dungeon Overview and Level Annotations

Branches:
Dungeon (10/15)            Temple (1/1) D:4            Lair (1/5) D:10
    Orc (0/2) D:9

Altars:
Ashenzari
Cheibriados
Dithmenos
Elyvilon
Fedhas
Gozag
Hepliaklqana
Kikubaaqudgha
Makhleb
Nemelex Xobeh
Okawaru
Qazlal
Ru
Sif Muna
Trog
Uskayaw
Vehumet
Wu Jian
Xom
Yredelemnul
Zin
The Shining One


Innate Abilities, Weirdness & Mutations

You have a pair of horns on your head.
You reflexively headbutt those who attack you in melee.


Message History

You completely miss the catoblepas.
The catoblepas is lightly wounded.
You hit the yak but do no damage.
You are engulfed in calcifying dust.
Your limbs have turned to stone.
The yak gores you! The catoblepas gores you.
You have turned to stone.
You are engulfed in calcifying dust.
You feel like a meek peon again. The yak gores you but does no damage.
The catoblepas breathes a plume of calcifying dust at you.
The blast of calcifying dust hits you but does no damage.
You are engulfed in calcifying dust.
The yak gores you.
The catoblepas gores you but does no damage.
You are engulfed in calcifying dust.
The yak gores you but does no damage. The catoblepas gores you!!
You are engulfed in calcifying dust.
The yak gores you but does no damage.
The catoblepas gores you but does no damage.
You are engulfed in calcifying dust.
The yak gores you. The catoblepas gores you. The yak gores you.
The catoblepas barely misses you. The yak gores you but does no damage.
The catoblepas gores you! The yak gores you but does no damage.
The catoblepas gores you but does no damage.
You turn to flesh and can move again.
You slash the catoblepas! You burn the catoblepas. You headbutt the catoblepas!
The catoblepas is moderately wounded.
You slash the yak! You burn the yak. You block the catoblepas's attack.
The yak gores you but does no damage.
Unknown command.
You slice the catoblepas!! You burn the catoblepas!
The catoblepas is severely wounded.
You slash the yak! You burn the yak.
You kill the yak!
Okawaru accepts your kill. The catoblepas gores you!!
* * * LOW HITPOINT WARNING * * *
You hit the catoblepas. You burn the catoblepas.
You headbutt the catoblepas, but do no damage.
The catoblepas is severely wounded.
The catoblepas gores you!!
You die...

#.##.~ ... ..YY♣.. #...#
#..#..♣P.........~♣~. #...##
.....♣..../.....~♣≈. #....#
#...≈♣.........≈≈~. #.....
####..~♣.........♣~.. #.....
.......≈♣......♣ ≈..# #...##
.......†♣≈≈...≈ ... #...#
.......[†.♣Y♣♣~...# P....#
.........†.†@....... ....P.#
.............#.........###.#....
............§##P#....... ##..#.
# ...........§.##########. .
.............# . .............#
. .............## #
..............# .............##


You could see a catoblepas.

Vanquished Creatures
  A dire elephant (Lair:1)
  A boulder beetle (D:9)
  Erica (D:9)
  Pikel (D:5)
  An ugly thing (D:7)
  5 elephants (Lair:1)
  Maurice (D:10)
  A torpor snail (Lair:1)
  A black mamba (Lair:1)
  2 cane toads (Lair:1)
  Maggie (D:8)
  An unseen horror (D:10)
  A komodo dragon (D:10)
  A rime drake (Lair:1)
  A troll (D:10)
  A hornet (D:10)
  A polar bear (Lair:1)
  4 blink frogs (Lair:1)
  32 yaks
  3 wyverns
  2 steam dragons
  2 water moccasins (Lair:1)
  9 orc warriors (D:9)
  3 ice beasts
  2 black bears
  7 centaurs
  2 ogres
  2 phantoms
  3 kobold brigands
  2 gnoll sergeants (D:9)
  3 scorpions
  6 bullfrogs
  A wight (D:9)
  9 killer bees (D:9)
  3 howler monkeys
  5 hounds
  4 orc priests
  2 jellies (D:5)
  2 gnoll boudas
  2 iguanas
  4 sleepcaps
  Terence (D:2)
  3 orc wizards
  17 gnolls
  An adder (D:4)
  2 worms
  54 orcs
  8 bats
  6 endoplasms
  5 giant cockroaches
  5 goblins
  4 hobgoblins
  5 jackals
  6 ball pythons
  6 frilled lizards
  14 kobolds
  2 rats (D:3)
275 creatures vanquished.

Vanquished Creatures (others)
  2 bushes (Lair:1)
  34 plants (Lair:1)
36 creatures vanquished.

Grand Total: 311 creatures vanquished

Notes
Turn   | Place    | Note
-------+----------+-------------------------------------------
     0 | D:1      | bmack86 the Minotaur Fighter began the quest for the Orb.
     0 | D:1      | Reached XP level 1. HP: 19/19 MP: 0/0
   172 | D:1      | Found a faded altar of an unknown god.
   252 | D:1      | Reached XP level 2. HP: 27/27 MP: 1/1
   416 | D:1      | You fall into a shaft and drop 1 floor!
   491 | D:2      | Reached skill level 3 in Axes
   915 | D:1      | Reached XP level 3. HP: 32/33 MP: 2/2
  1307 | D:2      | Noticed Terence
  1317 | D:2      | Killed Terence
  1907 | D:3      | Reached skill level 1 in Throwing
  2003 | D:3      | Reached XP level 4. HP: 40/40 MP: 3/3
  2007 | D:3      | Identified a scroll of acquirement
  2007 | D:3      | Acquired the +5 broad axe of Day {flame, Contam rPois
                  | Str+3}
  2541 | D:4      | Found a staircase to the Ecumenical Temple.
  2551 | Temple   | Entered the Ecumenical Temple
  2721 | D:4      | Noticed an ogre
  2727 | D:4      | Killed an ogre
  2728 | D:4      | Reached skill level 4 in Axes
  2728 | D:4      | Reached XP level 5. HP: 27/47 MP: 4/4
  2854 | D:4      | Reached XP level 6. HP: 23/53 MP: 5/5
  2856 | D:4      | Reached skill level 5 in Axes
  3205 | D:4      | Reached skill level 5 in Fighting
  3208 | D:4      | Reached skill level 5 in Armour
  3208 | D:4      | Reached skill level 5 in Shields
  3412 | D:5      | Entered Level 5 of the Dungeon
  3430 | D:5      | Reached XP level 7. HP: 22/61 MP: 6/6
  3586 | D:5      | Reached skill level 6 in Axes
  3726 | D:5      | Noticed Pikel
  3737 | D:5      | Killed Pikel
  3738 | D:5      | Reached skill level 7 in Axes
  3738 | D:5      | Reached XP level 8. HP: 48/70 MP: 7/7
  3999 | D:5      | Found a bloodstained altar of Trog.
  4330 | D:6      | Found an ancient bone altar of Kikubaaqudgha.
  4336 | D:6      | Found an iron altar of Okawaru.
  4371 | D:6      | Became a worshipper of Warmaster Okawaru
  4417 | D:6      | Reached skill level 8 in Axes
  4434 | D:6      | Reached skill level 1 in Invocations
  4478 | D:6      | Identified the +1 scimitar "Wocluwom" {protect, *Rage rPois
                  | rF+++ Dex-4}
  4880 | D:6      | Reached XP level 9. HP: 71/78 MP: 9/9
  5280 | D:7      | Reached * piety under Okawaru
  5312 | D:7      | Noticed a red ugly thing
  5320 | D:7      | Killed a red ugly thing
  5321 | D:7      | Reached skill level 9 in Axes
  5498 | D:7      | Reached skill level 5 in Throwing
  6181 | D:8      | Noticed Maggie
  6191 | D:8      | Killed Maggie
  6191 | D:8      | Reached ** piety under Okawaru
  6520 | D:8      | Reached skill level 10 in Axes
  6807 | D:9      | Reached XP level 10. HP: 87/88 MP: 11/11
  6849 | D:9      | Reached *** piety under Okawaru
  6881 | D:9      | Noticed a boulder beetle
  6905 | D:9      | Killed a boulder beetle
  7160 | D:9      | Found an ornate altar of the Wu Jian Council.
  7165 | D:9      | Found a white marble altar of Elyvilon.
  7165 | D:9      | Found a shimmering altar of Xom.
  7166 | D:9      | Found a basalt altar of Yredelemnul.
  7213 | D:9      | Found a staircase to the Orcish Mines.
  7247 | D:9      | Reached skill level 11 in Axes
  7253 | D:9      | Reached **** piety under Okawaru
  7588 | D:9      | Received a gift from Okawaru
  7933 | D:9      | Noticed Erica
  7946 | D:9      | Killed Erica
  7946 | D:9      | Received a gift from Okawaru
  7947 | D:9      | Reached XP level 11. HP: 71/95 MP: 11/13
  8217 | D:10     | Entered Level 10 of the Dungeon
  8266 | D:10     | Reached skill level 5 in Invocations
  8429 | D:10     | Noticed Maurice
  8484 | D:10     | Killed Maurice
  8670 | D:10     | Received a gift from Okawaru
  8671 | D:10     | Reached skill level 12 in Axes
  8740 | D:10     | Reached ***** piety under Okawaru
  8966 | D:10     | Found a staircase to the Lair.
  8976 | Lair:1   | Entered Level 1 of the Lair of Beasts
  9122 | Lair:1   | Received a gift from Okawaru
  9278 | Lair:1   | Noticed a catoblepas
  9278 | Lair:1   | Noticed a dire elephant
  9366 | Lair:1   | Reached skill level 13 in Axes
  9414 | Lair:1   | Received a gift from Okawaru
  9418 | Lair:1   | Reached XP level 12. HP: 77/106 MP: 15/15
  9493 | Lair:1   | Reached skill level 10 in Shields
  9553 | Lair:1   | Reached skill level 10 in Fighting
  9553 | Lair:1   | Reached skill level 10 in Armour
  9559 | Lair:1   | Killed a dire elephant
  9559 | Lair:1   | Identified the +0 kite shield of Wasted Space {rC+ Int+3
                  | Dex+6} (Okawaru gifted it to you on level 1 of the Lair of
                  | Beasts)
  9559 | Lair:1   | Received a gift from Okawaru
  9594 | Lair:1   | Mangled by a catoblepas

Illustrated notes

Levels and vault maps discovered:
D:1:      elethiomel_arrival_shortcut, layout_basic,
          chequers_ecumenical_altar_simple
D:2:      layout_basic, uniq_terence
D:3:      layout_loops_cross, minivault_24, kennysheep_cross_bottleneck
D:4:      layout_rooms, minmay_temple_entry_junction, minmay_misc_feat_rows
D:5:      layout_loops_cross, lemuel_round_altar, uniq_pikel
D:6:      layout_basic, mainiacjoe_overflow_catwalk_spiral,
          minmay_quadrilaterals
D:7:      layout_basic, nrook_mini_backslash, nicolae_figureground_pulse
D:8:      layout_basic, uniq_maggie
D:9:      layout_basic, chequers_temple_overflow_statue_of_worship, david_orc_5,
          special_room [special_room_orc], serial_rivers,
          chequers_serial_rivers_large_a, chequers_serial_rivers_room_b,
          chequers_serial_rivers_marsh, chequers_serial_rivers_marsh,
          chequers_serial_rivers_micro_b, minmay_starry_boxes, uniq_erica
D:10:     layout_roguey, lair_entry_dummy, uniq_maurice
Temple:   regret_index_temple_waves
Lair:1:   layout_gridlike, nicolae_lair_grazing_beasts
          [nicolae_sub_lair_graze_edge, nicolae_sub_lair_graze_edge,
          nicolae_sub_lair_graze_edge, nicolae_sub_lair_graze_edge]

Skill      XL: |  1  2  3  4  5  6  7  8  9 10 11 12 |
---------------+-------------------------------------+-----
Axes           | 3 4 5 7 8 10 11 13 | 13.5
Fighting       | 4 5 6 7 8 9 10 | 10.2
Armour         | 4 5 6 7 8 9 10 | 10.2
Shields        | 4 5 6 7 8 9 10 | 10.2
Throwing       | 1 2 3 4 5 6 7 |  7.8
Invocations    | 1 3 4 6 |  6.6

Action                     |  1- 3 |  4- 6 |  7- 9 | 10-12 || total
---------------------------+-------+-------+-------+-------++-------
  Melee: War axe           |    62 |       |       |       ||    62
         Headbutt          |     7 |    10 |    17 |    58 ||    92
         Broad axe         |       |    56 |   131 |   317 ||   504
         Unarmed           |       |       |       |     4 ||     4
  Throw: Boomerang         |       |       |     1 |     8 ||     9
 Invoke: Heroism           |       |       |     1 |     4 ||     5
         Finesse           |       |       |       |     1 ||     1
    Use: Scroll            |     1 |    11 |    10 |     6 ||    28
 Armour: Scale mail        |    30 |    32 |       |       ||    62
         Chain mail        |       |     3 |    72 |   112 ||   187
         Plate armour      |       |       |       |    83 ||    83
  Dodge: Dodged            |    33 |    31 |    51 |   121 ||   236
  Block: Buckler           |    16 |    17 |     8 |       ||    41
         Kite shield       |       |       |    49 |   172 ||   221

Table legend: (Time is in decaauts)
 A = Elapsed time spent in this place.
 B = Non-inter-level travel time spent in this place.
 C = Inter-level travel time spent in this place.
 D = Time resting spent in this place.
 E = Time spent auto-exploring this place.
 F = Levels seen in this place.
 G = Mean time per level.
                   A        B        C        D        E       F      G
               +--------+--------+--------+--------+--------+-----+--------+
         Total |   9724 |   9393 |    331 |    351 |   6489 |  12 |  810.3 |
       Dungeon |   8940 |   8655 |    285 |    320 |   6296 |  10 |  894.0 |
        Temple |    159 |    113 |     46 |      0 |      0 |   1 |  159.0 |
          Lair |    624 |    624 |      0 |     31 |    193 |   1 |  624.0 |
               +--------+--------+--------+--------+--------+-----+--------+

Top non-repeatable levels by time:
     D:9: 1421 daAuts
     D:2: 1045 daAuts
     D:4: 937 daAuts
     D:6: 882 daAuts
     D:7: 867 daAuts
     D:8: 795 daAuts
     D:5: 785 daAuts
    D:10: 763 daAuts
     D:3: 729 daAuts
     D:1: 712 daAuts
  Lair:1: 624 daAuts
  Temple: 159 daAuts
